Map: Acid Plant LE

Players

puCK (Nina)

  • Race: Protoss Protoss
  • Spawn Location: 5:00

PtitDrogo - Winner!

  • Race: Protoss Protoss
  • Spawn Location: 11:00

Event: IEM Season 12 - Katowice

VOD

Have the link to the VOD?

Description

Time

  • Played on: Feb. 26, 2018, 4:31 a.m.
  • Length: 10:24

All games in this series

Show
View Real Time Build Order
Export as new Build Order

puCK Protoss 

Build Orders:  

Get SALT Encoding   

  12  0:00  Probe  
  13  0:13  Probe  
  14  0:17  Pylon  
  14  0:25  Probe (Chrono Boost)  
  15  0:37  Probe (Chrono Boost)  
  15  0:38  Gateway  
  15  0:42  Assimilator  
  16  0:45  Probe (Chrono Boost)  
  17  0:52  Probe (Chrono Boost)  
  17  0:55  Assimilator  
  18  1:05  Probe (Chrono Boost)  
  18  1:07  Gateway  
  19  1:12  Probe (Chrono Boost)  
  20  1:20  Probe  
  20  1:25  Cybernetics Core  
  21  1:32  Probe  
  22  1:36  Pylon  
  22  1:44  Probe  
  23  1:56  Probe  
  23  2:00  Warp Gate (Chrono Boost)  
  24  2:02  Sentry, Stalker  
  24  2:06  Pylon  
  28  2:11  Probe  
  29  2:31  Sentry  
  29  2:32  Stalker  
  33  2:45  Nexus  
  33  2:58  Probe  
  34  3:00  Sentry  
  34  3:02  Stalker  
  38  3:07  Pylon  
  38  3:13  Probe  
  38  3:16  Pylon  
  39  3:23  Robotics Facility  
  39  3:28  Pylon  
  29  3:50  Probe  
  29  3:55  Pylon  
  30  3:59  Stalker  
  30  4:02  Probe  
  33  4:03  Probe  
  33  4:10  Observer (Chrono Boost)  
  33  4:14  Probe  
  36  4:21  Adept  
  36  4:24  Adept  
  39  4:31  Probe  
  39  4:34  Probe  
  39  4:35  Observer  
  42  4:43  Probe  
  43  4:46  Probe  
  43  4:50  Stalker  
  43  4:51  Stalker  
  48  4:56  Probe  
  49  5:03  Probe  
  48  5:08  Probe  
  49  5:15  Probe (Chrono Boost)  
  49  5:16  Stalker  
  49  5:21  Probe (Chrono Boost)  
  51  5:22  Forge  
  51  5:27  Probe (Chrono Boost)  
  52  5:30  Stalker  
  52  5:31  Probe (Chrono Boost)  
  52  5:33  Probe (Chrono Boost)  
  56  5:36  Probe (Chrono Boost)  
  56  5:41  Probe  
  58  5:43  Stalker  
  58  5:46  Pylon  
  60  5:50  Probe  
  60  5:53  Probe  
  60  5:55  Sentry  
  64  6:07  Warp Prism (Chrono Boost)  
  64  6:09  Probe  
  62  6:13  Sentry  
  62  6:18  Probe  
  65  6:28  Probe  
  65  6:30  Shield Battery  
  65  6:32  Shield Battery  
  66  6:36  Stalker  
  68  6:42  Observer  
  68  6:45  Probe, Pylon  
  70  6:50  Twilight Council  
  70  7:03  Probe x2, Gateway  
  70  7:06  Gateway  
  70  7:08  Adept x2  
  76  7:15  Probe (Chrono Boost)  
  76  7:16  Pylon  
  76  7:21  Probe (Chrono Boost)  
  78  7:33  Probe  
  78  7:34  Probe  
  78  7:35  Immortal  
  84  7:39  Sentry  
  82  7:45  Probe  
  82  7:46  Probe  
  82  7:47  Gateway  
  82  7:49  Gateway  
  82  7:52  Gateway  
  82  7:54  Sentry  
  82  7:57  Probe  
  82  7:58  Assimilator  
  85  7:59  Probe, Assimilator  
  85  8:04  Zealot  
  86  8:12  Pylon  
  86  8:14  Pylon  
  86  8:15  Probe x2  
  86  8:17  Gateway  
  86  8:25  Pylon  
  86  8:28  Pylon  
  86  8:30  Immortal  
  86  8:31  Pylon  
  86  8:32  Zealot  
  86  8:33  Pylon  
  92  8:42  Zealot x3  
  98  8:50  Zealot  
  100  8:57  Dark Shrine  
  100  9:04  Zealot x3  
  106  9:13  Zealot x2  
  106  9:15  Observer (Chrono Boost)  
  111  9:18  Stalker  
  109  9:44  Immortal  
  108  10:15  Dark Templar x5  
Show
View Real Time Build Order
Export as new Build Order

PtitDrogo Protoss - Winner!

Build Orders: Oracle Opening 

Get SALT Encoding   

  12  0:00  Probe  
  13  0:12  Probe  
  14  0:17  Pylon  
  14  0:25  Probe (Chrono Boost)  
  15  0:37  Probe (Chrono Boost), Gateway  
  16  0:43  Probe (Chrono Boost)  
  16  0:46  Assimilator  
  17  0:51  Probe (Chrono Boost)  
  17  0:54  Assimilator  
  18  1:03  Probe (Chrono Boost)  
  19  1:11  Probe (Chrono Boost)  
  20  1:14  Gateway  
  20  1:17  Probe  
  20  1:24  Cybernetics Core  
  21  1:29  Probe  
  22  1:37  Pylon  
  22  1:41  Probe  
  22  1:45  Pylon  
  23  1:55  Probe  
  24  2:02  Adept x2  
  28  2:13  Stargate  
  28  2:17  Warp Gate  
  28  2:21  Probe  
  29  2:33  Stalker  
  31  2:37  Stalker  
  33  2:57  Oracle (Chrono Boost)  
  36  3:08  Pylon  
  36  3:26  Oracle (Chrono Boost)  
  35  3:48  Nexus  
  35  3:49  Probe  
  35  3:55  Robotics Facility  
  36  4:01  Probe  
  37  4:03  Shield Battery  
  37  4:13  Probe (Chrono Boost)  
  38  4:21  Adept x2  
  43  4:24  Probe (Chrono Boost)  
  43  4:29  Probe (Chrono Boost)  
  44  4:39  Probe  
  44  4:45  Shield Battery  
  45  4:54  Shield Battery  
  45  4:58  Probe  
  50  5:00  Probe, Immortal  
  50  5:04  Adept x2  
  55  5:10  Probe (Chrono Boost)  
  55  5:12  Probe (Chrono Boost)  
  56  5:20  Forge  
  56  5:22  Probe (Chrono Boost)  
  56  5:23  Pylon  
  56  5:25  Sentry x2  
  56  5:27  Probe (Chrono Boost)  
  62  5:41  Probe x2  
  64  5:50  Observer  
  64  5:52  Assimilator  
  64  5:53  Probe x2  
  64  5:56  Assimilator  
  65  6:05  Probe  
  65  6:09  Immortal (Chrono Boost)  
  65  6:10  Protoss Ground Weapons Level 1 (Chrono Boost)  
  56  6:13  Probe  
  56  6:17  Probe, Stalker x2  
  66  6:23  Gateway  
  66  6:24  Gateway  
  64  6:25  Probe  
  64  6:31  Twilight Council  
  64  6:41  Immortal  
  68  6:55  Pylon, Gateway x2  
  68  6:57  Pylon  
  68  7:00  Charge (Chrono Boost)  
  68  7:03  Zealot  
  68  7:06  Pylon  
  70  7:11  Templar Archives  
  70  7:23  Zealot  
  70  7:24  Zealot x3  
  78  7:32  Gateway  
  76  7:45  Zealot x2  
  76  7:46  Zealot x2  
  79  7:59  Protoss Ground Weapons Level 2 (Chrono Boost)  
  79  8:08  Pylon  
  79  8:09  Pylon  
  79  8:10  Pylon  
  79  8:24  Warp Prism (Chrono Boost)  
  79  8:27  Gateway  
  81  8:30  Nexus  
  81  8:34  Zealot, High Templar x4  
  85  8:35  Zealot  
  85  8:38  Archon x2  
  93  8:47  Pylon  
  93  8:56  Zealot x3  
  93  8:58  Pylon  
  99  9:04  Pylon  
  99  9:05  Pylon  
  99  9:09  High Templar x2  
  103  9:10  Zealot x2  
  103  9:13  Archon  
  107  9:23  Zealot  
  107  9:24  Zealot x2  
  113  9:43  Probe x2  
  115  10:04  High Templar x3  
  115  10:05  Zealot x4, High Templar  
  135  10:09  Archon x2  

Tags
 
Add a new tag
Caveats
  • Supply blocks, unpowered buildings, or Contaminate may cause inaccurate times.
  • Supply counts are checked every 10 seconds.